 Dungeon Crawl Stone Soup version 0.16-b1 (webtiles) character file.

3454 toofou the Cleaver (level 9, -1/80 HPs)
             Began as a Minotaur Berserker on Mar 9, 2015.
             Was a High Priest of Trog.
             Slain by a gnoll
             ... wielding a +0 spear
              (2 damage)
             ... on level 8 of the Dungeon on Mar 13, 2015.
             The game lasted 00:34:00 (7895 turns).

toofou the Cleaver (Minotaur Berserker)             Turns: 7895, Time: 00:34:00

Health: -1/80      AC:  6    Str: 28    XL:     9   Next: 78%
Magic:  4/4        EV: 15    Int:  4    God:    Trog [*****.]
Gold:   540        SH:  4    Dex: 10    Spells: 0 memorised, 8 levels left

rFire  . . .     SeeInvis .     B - +0 war axe
rCold  . . .     Clarity  +     q - +0 ring mail
rNeg   . . .     SustAb   .     r - +0 buckler
rPois  .         Gourm    .     (helmet restricted)
rElec  .         Spirit   .     (no cloak)
rCorr  .         Warding  .     (no gloves)
rMut   .         Stasis   .     (no boots)
MR     .....                    E - amulet of clarity
Stlth  +.........               y - +2 ring of evasion
                                J - +3 ring of strength

@: exhausted, not resistant to hostile enchantments, very unstealthy
A: retaliatory headbutt, horns 2
a: Burn Spellbooks, Berserk, Trog's Hand, Brothers in Arms, Renounce Religion


You were on level 8 of the Dungeon.
You worshipped Trog.
Trog was extremely pleased with you.
You were not hungry.

You visited 1 branch of the dungeon, and saw 8 of its levels.

You collected 540 gold pieces.

Inventory:

Hand weapons
 a - a +0 falchion
 A - a +0 flail
 B - a +0 war axe (weapon)
 G - a +1 short sword of protection
Armour
 b - a +0 animal skin
 q - a +0 ring mail (worn)
 r - a +0 buckler (worn)
Jewellery
 x - a +4 ring of intelligence
 y - a +2 ring of evasion (right hand)
 E - an amulet of clarity (around neck)
 J - a +3 ring of strength (left hand)
Magical devices
 H - a wand of enslavement (0)
Scrolls
 c - 2 scrolls of random uselessness
 d - a scroll of recharging {unknown}
 e - 4 scrolls of identify
 i - 2 scrolls of fear
 k - 4 scrolls of remove curse
 l - 2 scrolls of magic mapping
 n - a scroll of teleportation {unknown}
 p - a scroll of enchant weapon {unknown}
 v - a scroll of fog {unknown}
 I - a scroll of amnesia {unknown}
 K - a scroll of immolation {unknown}
Potions
 f - a potion of agility {unknown}
 h - 2 potions of brilliance
 j - 3 potions of invisibility
 m - a potion of haste {unknown}
 o - 2 potions of heal wounds {unknown}
 t - a potion of ambrosia {unknown}
 u - a potion of magic {unknown}
 w - a potion of resistance {unknown}
 z - a potion of degeneration {unknown}
 C - a potion of restore abilities {unknown}
 N - a potion of cancellation
Books
 F - a book of Ice

   Spells                             Type                      Level
   a - Ice Form                       Ice/Transmutation            4
   b - Metabolic Englaciation         Hexes/Ice                    5
   c - Ozocubu's Refrigeration        Ice                          6
   d - Bolt of Cold                   Conjuration/Ice              6
   e - Freezing Cloud                 Conjuration/Ice/Air          6
   f - Simulacrum                     Ice/Necromancy               6
   Trog disapproves of the use of such an item.
 M - a book of Beasts

   Spells                             Type                      Level
   a - Summon Butterflies             Summoning                    1
   b - Call Canine Familiar           Summoning                    3
   c - Summon Ice Beast               Ice/Summoning                4
   d - Summon Mana Viper              Hexes/Summoning              5
   e - Monstrous Menagerie            Summoning                    6
   f - Summon Hydra                   Summoning                    7
   Trog disapproves of the use of such an item.
Comestibles
 g - a slice of pizza
 s - a meat ration
 D - a royal jelly


   Skills:
 + Level 7.6 Fighting
 - Level 5.0 Long Blades
 * Level 10.0 Axes
 + Level 7.4 Armour
 + Level 7.0 Dodging
 + Level 1.0 Stealth
 + Level 3.2 Shields


You had 8 spell levels left.
You didn't know any spells.

Dungeon Overview and Level Annotations

Branches:
Dungeon (8/15)             Temple (0/1) D:5
   Lair: D:8-11

Altars:
Cheibriados
Elyvilon
Gozag
Qazlal
Ru
Trog
Xom
Yredelemnul
Zin
The Shining One


Innate Abilities, Weirdness & Mutations

You reflexively headbutt those who attack you in melee.
You have a pair of horns on your head.


Message History

You furiously retaliate!
You headbutt the gnoll sergeant.
You hit the gnoll sergeant but do no damage.
The gnoll sergeant is moderately wounded.
The gnoll completely misses you.
The gnoll shaman calls upon its god to heal the gnoll sergeant.
The gnoll sergeant's wounds heal themselves!
The gnoll sergeant hits you but does no damage.
The gnoll hits you with a halberd!
* * * LOW HITPOINT WARNING * * *
The gnoll hits you from afar with a spear.
* * * LOW HITPOINT WARNING * * *
It was a potion of cancellation.
Your magical effects are unravelling.
You feel magically purged.
You feel yourself speed up. The gnoll sergeant misses you.
You furiously retaliate!
You headbutt the gnoll sergeant, but do no damage.
The gnoll misses you. You furiously retaliate!
You headbutt the gnoll.
The gnoll hits you from afar with a spear.
You die...

#..### #.## #.# #...#
##..###.## #.#
##........##
...#####.###..........#
#........##).........#
#######...)..........#
##..<..........#
####(.........#
#....@g...##
######g.g.# #.g##.#
#######)##..#
#.....gg...##
....####gg#### #.## #.#
...


You could see a gnoll sergeant, a gnoll shaman and 2 gnolls.

Vanquished Creatures
  Pikel (D:7)
  A two-headed ogre (D:8)
  Eustachio (D:5)
  The ghost of Balagan the Magician, an average DsTm (D:4)
  Menkaure (D:5)
  An orc warrior (D:6)
  A black bear (D:7)
  A sky beast (D:5)
  A slave (D:7)
  3 ice beasts
  2 centaurs
  A phantom (D:6)
  4 ogres
  Blork the orc (D:8)
  3 giant frogs (D:6)
  A scorpion (D:7)
  3 wights (D:6)
  A goliath beetle (D:7)
  3 crimson imps
  4 hounds
  A jelly (D:5)
  A wasp zombie (D:5)
  3 orc priests (D:4)
  2 iguanas
  2 worker ants
  2 orc wizards
  Natasha (thrice) (D:5)
  A worker ant zombie (D:6)
  Robin (D:3)
  9 adders
  A gnoll (D:8)
  A white imp (D:5)
  A shadow imp (D:5)
  5 giant mites
  3 worms
  5 giant geckos
  An ooze (D:2)
  14 orcs
  10 bats
  A bat skeleton (D:5)
  A bat zombie (D:6)
  23 goblins
  14 hobgoblins
  6 jackals
  9 kobolds
  A ball python (D:4)
  5 giant cockroaches
  5 giant newts
  4 jackal skeletons
  A quokka (D:4)
  8 rats
  3 ballistomycetes
182 creatures vanquished.

Vanquished Creatures (others)
  A sky beast (D:7)
  A giant frog (D:7)
  An orc (D:7)
  4 giant spores
7 creatures vanquished.

Grand Total: 189 creatures vanquished

Notes
Turn   | Place    | Note
--------------------------------------------------------------
     0 | D:1      | toofou, the Minotaur Berserker, began the quest for the Orb.
     0 | D:1      | Reached XP level 1. HP: 19/19 MP: 1/1
   138 | D:1      | Reached skill level 4 in Long Blades
   331 | D:1      | Reached XP level 2. HP: 22/27 MP: 1/1
  1192 | D:2      | Reached XP level 3. HP: 33/33 MP: 2/2
  1265 | D:2      | Acquired Trog's second power
  1470 | D:2      | Reached XP level 4. HP: 20/41 MP: 2/2
  1883 | D:3      | Found a sacrificial altar of Ru.
  1885 | D:3      | Found a glowing golden altar of the Shining One.
  1889 | D:3      | Found a basalt altar of Yredelemnul.
  1894 | D:3      | Found a snail-covered altar of Cheibriados.
  2213 | D:3      | Noticed Robin
  2247 | D:3      | Killed Robin
  2247 | D:3      | Reached skill level 5 in Long Blades
  2247 | D:3      | Reached XP level 5. HP: 22/47 MP: 2/2
  2556 | D:3      | Reached skill level 1 in Shields
  3024 | D:4      | Found an opulent altar of Gozag.
  3084 | D:4      | Reached skill level 1 in Axes
  3103 | D:4      | Reached XP level 6. HP: 14/55 MP: 3/3
  3302 | D:4      | Found a shimmering altar of Xom.
  3320 | D:4      | Received a gift from Trog
  3477 | D:4      | Noticed Balagan's ghost (average DsTm)
  3493 | D:4      | HP: 2/82 [Balagan's ghost (9)]
  3495 | D:4      | Killed Balagan's ghost
  3495 | D:4      | Reached skill level 5 in Fighting
  4351 | D:5      | Entered Level 5 of the Dungeon
  4373 | D:5      | Noticed Natasha
  4383 | D:5      | Reached XP level 7. HP: 61/61 MP: 3/3
  4384 | D:5      | Killed Natasha
  4557 | D:5      | Acquired Trog's third power
  4570 | D:5      | Found a glowing drain.
  4634 | D:5      | Reached skill level 5 in Armour
  4893 | D:5      | Noticed Eustachio
  4908 | D:5      | Killed Eustachio
  4924 | D:5      | Found a staircase to the Ecumenical Temple.
  4934 | D:5      | Noticed Natasha
  4951 | D:5      | Reached skill level 1 in Stealth
  4961 | D:5      | Killed Natasha
  5333 | D:5      | Reached skill level 5 in Axes
  5357 | D:5      | Reached skill level 5 in Dodging
  5357 | D:5      | Reached XP level 8. HP: 56/70 MP: 3/3
  5575 | D:5      | Noticed Menkaure
  5582 | D:5      | Killed Menkaure
  5582 | D:5      | Reached skill level 6 in Fighting
  5730 | D:5      | Noticed Natasha
  5735 | D:5      | Killed Natasha
  6155 | D:6      | Found a sacrificial altar of Ru.
  6332 | D:6      | Found a bloodstained altar of Trog.
  6351 | D:6      | Found a white marble altar of Elyvilon.
  6420 | D:6      | Reached skill level 7 in Axes
  6431 | D:6      | Reached XP level 9. HP: 62/78 MP: 4/4
  6783 | D:7      | Reached skill level 8 in Axes
  7050 | D:7      | Noticed Pikel
  7059 | D:7      | Killed Pikel
  7059 | D:7      | Reached skill level 9 in Axes
  7250 | D:7      | Found a glowing silver altar of Zin.
  7264 | D:7      | Found a stormy altar of Qazlal.
  7869 | D:8      | Noticed Blork the orc
  7884 | D:8      | Killed Blork the orc
  7884 | D:8      | Reached skill level 10 in Axes
  7894 | D:8      | HP: 1/80 [gnoll/spear (5)]
  7895 | D:8      | Slain by a gnoll

Action                   |  1- 3 |  4- 6 |  7- 9 || total
-------------------------+-------+-------+-------++-------
Melee: Falchion          |    73 |    85 |       ||   158
       War axe           |       |    79 |   249 ||   328
Invok: Berserk           |       |     3 |     6 ||     9
  Use: Scroll            |       |     2 |    10 ||    12
       Potion            |       |       |     1 ||     1
  Eat: Bread ration      |     1 |     2 |     2 ||     5
       Meat ration       |       |       |     2 ||     2
       Beef jerky        |       |       |     1 ||     1
